 Dungeon Crawl Stone Soup version 0.22-b1-21-g5cfc168 (webtiles) character file.

154 letownia2 the Insei (level 5, 35/37 HPs)
             Began as a Demonspawn Transmuter on Aug 5, 2018.
             Quit the game on level 3 of the Dungeon.
             The game lasted 00:06:45 (1204 turns).

letownia2 the Insei (Demonspawn Transmuter)         Turns: 1204, Time: 00:06:46

Health: 35/37      AC:  6    Str: 11    XL:     5   Next: 13%
Magic:  5/8        EV: 11    Int: 15    God:
Gold:   63         SH:  4    Dex: 13    Spells: 2/8 levels left

rFire    . . .     SeeInvis .     - Unarmed
rCold    . . .     Gourm    .   (no shield)
rNeg     . . .     Faith    .   c - +0 acid dragon scales
rPois    .         Spirit   .   (helmet restricted)
rElec    .         Reflect  .   (no cloak)
rCorr    +         Harm     .   (no gloves)
MR       .....                  (no boots)
Stlth    +.........             (no amulet)
HPRegen  0.12/turn              (no ring)
MPRegen  0.11/turn              (no ring)

@: no status effects
A: antennae 1, large bone plates 1
a: no special abilities


You were on level 3 of the Dungeon.
You were not hungry.

You visited 1 branch of the dungeon, and saw 3 of its levels.

You collected 63 gold pieces.

Inventory:

Hand Weapons
 p - a +0 hunting sling
Missiles
 a - 18 arrows
 f - 2 tomahawks (quivered)
Armour
 b - a +0 robe
 c - +0 acid dragon scales (worn)
 i - a +0 shield
Scrolls
 h - a scroll of remove curse {unknown}
 k - 4 scrolls of amnesia {unknown}
 l - 2 scrolls of teleportation {unknown}
 m - a scroll of magic mapping {unknown}
 o - 3 scrolls of identify {unknown}
 q - a scroll of enchant armour {unknown}
Potions
 e - a potion of magic {unknown}
 g - a potion of lignification {unknown}
 j - a potion of flight {unknown}
 n - a potion of heal wounds
Comestibles
 d - 2 rations


   Skills:
 + Level 1.3 Fighting
 + Level 0.5 Armour
 - Level 1.7 Dodging
 - Level 5.0 Unarmed Combat
 - Level 2.0 Spellcasting
 + Level 2.0 Transmutations


You had 2 spell levels left.
You knew the following spells:

 Your Spells              Type           Power        Failure   Level  Hunger
a - Beastly Appendage     Tmut           #.....       16%         1    #......
l - Sticks to Snakes      Tmut           #.......     22%         2    ###....
p - Spider Form           Tmut/Pois      #.........   56%         3    ###....

Your spell library contained the following spells:

 Spells                   Type           Power        Failure   Level  Hunger
 Blade Hands              Tmut           #.........   99%         5    ######.
 Ice Form                 Ice/Tmut       #.......     92%         4    #####..


Dungeon Overview and Level Annotations

Branches:
Dungeon (3/15)

Altars:
Kikubaaqudgha
Uskayaw
Xom


Innate Abilities, Weirdness & Mutations

You have a pair of small antennae on your head.
You are partially covered in large bone plates. (SH +4)


Message History

You kill the gnoll!
You have reached level 5!
Your demonic ancestry asserts itself...
A pair of antennae grows on your head! The gnoll misses you.
Things that are here:
a flail x2
You barely miss the gnoll. The gnoll closely misses you.
You hit the gnoll.
The gnoll is poisoned.
The gnoll is lightly wounded.
The gnoll barely misses you.
You bite the gnoll!
The gnoll looks as sick as possible!
The gnoll is severely wounded.
The gnoll closely misses you.
You hit the gnoll.
You kill the gnoll!
Your Transmutations skill increases to level 2!
Your transformation has ended.
Your +0 acid dragon scales unmelds from your body.
Are you sure you want to abandon this character and quit the game? (Confirm with "yes".)

#.........##...#
##########.........##...####
...................).......#
...................##...##.#
...................##...##..
..........###......##...###.
#.........# #......##...# #.
#.........###......##...###.
..........l@................
....!.....#################.
..........# #. .g........#
#. ..........# ## ##########


You could see a frilled lizard.

Vanquished Creatures
  2 orc wizards (D:3)
  3 adders
  3 gnolls (D:3)
  3 worms (D:2)
  A leopard gecko (D:2)
  An orc (D:3)
  2 giant cockroaches
  9 goblins
  4 hobgoblins
  A quokka (D:1)
  4 bats
  2 kobolds
  5 rats
40 creatures vanquished.

Vanquished Creatures (collateral kills)
  An adder (D:2)
  A worm (D:2)
  A bat (D:2)
3 creatures vanquished.

Vanquished Creatures (others)
  5 toadstools (D:1)
5 creatures vanquished.

Grand Total: 48 creatures vanquished

Notes
Turn   | Place    | Note
-------+----------+-------------------------------------------
     0 | D:1      | letownia2 the Demonspawn Transmuter began the quest for the Orb.
     0 | D:1      | Reached XP level 1. HP: 15/15 MP: 3/3
   150 | D:2      | Reached skill level 3 in Unarmed Combat
   166 | D:1      | Gained mutation: You are partially covered in large bone plates. (SH +4) [demonic ancestry]
   166 | D:1      | Reached XP level 2. HP: 10/21 MP: 3/5
   256 | D:2      | Learned a level 2 spell: Sticks to Snakes
   295 | D:2      | Found a hide-covered altar of Uskayaw.
   295 | D:2      | Found a shimmering altar of Xom.
   382 | D:2      | Reached XP level 3. HP: 16/26 MP: 4/6
   393 | D:2      | Noticed a sky beast
   560 | D:2      | Reached skill level 4 in Unarmed Combat
   603 | D:2      | Found an ancient bone altar of Kikubaaqudgha.
   959 | D:2      | Reached XP level 4. HP: 19/32 MP: 4/7
  1016 | D:2      | Learned a level 3 spell: Spider Form
  1106 | D:3      | HP: 1/32 [orc wizard/magic dart (7)]
  1111 | D:3      | Reached skill level 5 in Unarmed Combat
  1198 | D:3      | Gained mutation: You have a pair of small antennae on your head. [demonic ancestry]
  1198 | D:3      | Reached XP level 5. HP: 34/37 MP: 4/8
  1204 | D:3      | Quit the game

Skill      XL: |  1  2  3  4  5 |
---------------+----------------+-----
Unarmed Combat | 3 4 5 |  5.0
Transmutations | 2 |  2.0
Fighting       | |  1.3
Armour         | |  0.5
Dodging        | |  1.7
Spellcasting   | |  2.0

Action                   |  1- 3 |  4- 6 || total
-------------------------+-------+-------++-------
Melee: Unarmed           |   121 |    51 ||   172
       Headbutt          |     7 |       ||     7
       Kick              |     1 |     3 ||     4
       Punch             |     1 |     2 ||     3
Throw: Tomahawk          |     2 |       ||     2
 Cast: Beastly Appendage |    18 |     5 ||    23
       Sticks to Snakes  |     3 |       ||     3
       Spider Form       |       |     2 ||     2
  Use: Potion            |       |     1 ||     1
  Eat: Chunk             |       |     2 ||     2
Armor: Acid dragon scale |    31 |    15 ||    46
       Skin              |       |     1 ||     1
Dodge: Dodged            |    60 |    31 ||    91
Block: Other             |    19 |     8 ||    27
